 Dungeon Crawl Stone Soup version 0.24-a0-521-g122614bf49 (webtiles) character file.

Game seed: 384924971671469118

582175 SilverFang the Tortoise (level 27, -1/210 HPs)
             Began as a Human Artificer on July 27, 2019.
             Was the Champion of Okawaru.
             Slain by a yellow draconian
             ... wielding a +0 scimitar
              (8 damage)
             ... on level 2 of the Realm of Zot on July 30, 2019.
             The game lasted 04:37:09 (54100 turns).

SilverFang the Tortoise (Human Artificer)          Turns: 54100, Time: 04:37:10

Health: -1/210     AC: 32    Str: 29    XL:     27
Magic:  25/30      EV: 25    Int: 24    God:    Okawaru [******]
Gold:   1457       SH: 19    Dex: 19    Spells: 6/28 levels left

rFire    + + .     SeeInvis +   a - +8 demon whip of Massacring {flame, rC+ MR+ Str+4 SInv}
rCold    + + +     Gourm    .   d - +2 shield {reflect}
rNeg     . . .     Faith    .   V - +7 gold dragon scales
rPois    +         Spirit   .   e - +0 helmet "Roats" {rF- Int+7 Dex+2}
rElec    .         Reflect  +   H - +0 cloak "Kenidiap" {*Contam rF++ rC++}
rCorr    .         Harm     .   D - +0 pair of fencer's gloves {Riposte Dex+3}
MR       +++..                  x - +0 pair of boots
Stlth    +.........             R - amulet of regeneration
HPRegen  0.85/turn              S - +5 ring of slaying
MPRegen  0.22/turn              E - ring of Phasing {EV+8}

@: brilliant, heroism, finesse, corroded, constricted
A: blurry vision 1
}: 3/15 runes: decaying, serpentine, silver
a: Heroism, Finesse, Renounce Religion


You were on level 2 of the Realm of Zot.
You worshipped Okawaru.
Okawaru was exalted by your worship.
You were not hungry.

You visited 8 branches of the dungeon, and saw 43 of its levels.
You visited the Abyss 2 times.
You also visited: Gauntlet.

You collected 6227 gold pieces.
You spent 4770 gold pieces at shops.

Inventory:

Hand Weapons
 a - the +8 demon whip of Massacring (weapon) {flame, rC+ MR+ Str+4 SInv}
   (You found it on level 4 of the Depths)

   It has been specially enchanted to burn those struck by it, causing extra
   injury to most foes and up to half again as much damage against particularly
   susceptible opponents.
   It affects your strength (+4).
   It protects you from cold.
   It affects your resistance to hostile enchantments.
   It lets you see invisible.
 b - a +1 double sword of freezing
Missiles
 i - 13 atropa-tipped darts
 p - 37 silver javelins (quivered)
 y - 7 boomerangs of dispersal
 A - a datura-tipped dart
 C - 7 javelins
 J - 3 curare-tipped darts
Armour
 d - a +2 shield of reflection (worn)
 e - the +0 helmet "Roats" (worn) {rF- Int+7 Dex+2}
   (You found it on level 3 of the Vaults)

   It affects your intelligence (+7).
   It affects your dexterity (+2).
   It makes you vulnerable to fire.
 x - a +0 pair of boots (worn)
 D - the +0 pair of fencer's gloves (worn) {Riposte Dex+3}
   (You acquired it on level 12 of the Dungeon)

   It affects your dexterity (+3).
 H - the +0 cloak "Kenidiap" (worn) {*Contam rF++ rC++}
   (You found it on level 5 of the Vaults)

   It greatly protects you from fire.
   It greatly protects you from cold.
   It causes magical contamination when unequipped.
 V - +7 gold dragon scales (worn)
Jewellery
 j - a +2 ring of intelligence
 E - the ring of Phasing (right hand) {EV+8}
   (You found it in a Gauntlet)

   [ring of evasion]

   It affects your evasion (+8).
 K - an uncursed ring of resist corrosion
 R - an amulet of regeneration (around neck)
 S - a +5 ring of slaying (left hand)
Wands
 k - a wand of digging (5)
 v - a wand of clouds (6)
 M - a wand of paralysis (3)
Scrolls
 n - 23 scrolls of remove curse
 o - 8 scrolls of immolation
 s - 4 scrolls of teleportation
 t - 13 scrolls of amnesia
 u - 13 scrolls of fog
 z - a scroll of vulnerability
 F - 11 scrolls of magic mapping
 G - 10 scrolls of identify
 I - a scroll of blinking
 X - a scroll of noise
 Y - 4 scrolls of fear
Potions
 c - a potion of flight
 g - 6 potions of lignification
 h - 3 potions of magic
 l - 14 potions of curing
 m - a potion of resistance
 r - 3 potions of cancellation
 w - 5 potions of brilliance
 B - a potion of might
 Q - 4 potions of mutation
 Z - 8 potions of haste
Miscellaneous
 P - a phantom mirror
 U - a fan of gales
Comestibles
 f - 50 rations
 q - 5 chunks of flesh


   Skills:
 + Level 16.1(21.1) Fighting
   Level 1.0(15.8) Short Blades
 - Level 16.0(21.0) Long Blades
 - Level 8.0(17.0) Maces & Flails
   Level 14.0(19.6) Staves
 - Level 17.4(22.4) Throwing
 + Level 18.4(23.4) Armour
 - Level 14.3(19.3) Dodging
 - Level 14.8(19.8) Stealth
 - Level 15.0(20.0) Shields
 - Level 1.1 Spellcasting
 - Level 10.0 Charms
 - Level 10.0 Necromancy
 - Level 0.4 Translocations
   Level 12.9 Fire Magic
 - Level 9.0 Invocations
 - Level 10.2 Evocations


You had 6 spell levels left.
You knew the following spells:

 Your Spells              Type           Power        Failure   Level  Hunger
a - Animate Skeleton      Necr           N/A          1%          1    ##.....
g - Gell's Gravitas       Tloc           ###.......   26%         3    ####...
h - Swiftness             Chrm/Air       #####...     2%          2    ###....
l - Lesser Beckoning      Tloc           ###.......   26%         3    ####...
p - Summon Butterflies    Summ           ###.....     12%         1    ##.....
r - Regeneration          Chrm/Necr      ######....   1%          3    ####...
z - Apportation           Tloc           ###...       10%         1    ##.....
B - Controlled Blink      Tloc           N/A          100%        8    #######

Your spell library contained the following spells:

 Spells                   Type           Power        Failure   Level  Hunger
 Pain                     Necr           ####         1%          1    ##.....
 Vampiric Draining        Necr           ######....   1%          3    ####...
 Conjure Flame            Conj/Fire      #####...     2%          3    ####...
 Inner Flame              Hex/Fire       #####...     2%          3    ####...
 Animate Dead             Necr           N/A          2%          4    #####..
 Ozocubu's Armour         Chrm/Ice       #####...     4%          3    ####...
 Corona                   Hex            ###....      12%         1    ##.....
 Freeze                   Ice            ###.         12%         1    ##.....
 Shock                    Conj/Air       ###.         12%         1    ##.....
 Ensorcelled Hibernation  Hex/Ice        ###...       16%         2    ###....
 Poisonous Vapours        Pois/Air       ###...       16%         2    ###....
 Slow                     Hex            ###.....     16%         2    ###....
 Throw Frost              Conj/Ice       ###...       16%         2    ###....
 Portal Projectile        Hex/Tloc       ###...       26%         3    ####...
 Recall                   Summ/Tloc      N/A          26%         3    ####...
 Call Canine Familiar     Summ           ###.....     30%         3    ####...
 Mephitic Cloud           Conj/Pois/Air  ###.....     30%         3    ####...
 Static Discharge         Conj/Air       ###.....     30%         3    ####...
 Tukima's Dance           Hex            ###.....     30%         3    ####...
 Borgnjor's Vile Clutch   Necr/Erth      #####.....   34%         5    ######.
 Iskenderun's Battlesphe  Conj/Chrm      #####...     34%         5    ######.
 Bolt of Magma            Conj/Fire/Erth #####.....   41%         5    ######.
 Force Lance              Conj/Tloc      ###.....     61%         4    #####..
 Airstrike                Air            ###.......   63%         4    #####..
 Cause Fear               Hex            ###.......   63%         4    #####..
 Leda's Liquefaction      Hex/Erth       ###.......   63%         4    #####..
 Summon Ice Beast         Ice/Summ       ###.....     63%         4    #####..
 Throw Icicle             Conj/Ice       ###.....     63%         4    #####..
 Alistair's Intoxication  Tmut/Pois      ###.....     89%         5    ######.
 Aura of Abjuration       Summ           ###.......   89%         5    ######.
 Irradiate                Conj/Tmut      ###.......   89%         5    ######.
 Lightning Bolt           Conj/Air       ###.......   89%         5    ######.
 Silence                  Hex/Air        ###.......   89%         5    ######.
 Summon Mana Viper        Hex/Summ       ###.....     89%         5    ######.
 Venom Bolt               Conj/Pois      ###.......   89%         5    ######.
 Darkness                 Hex            ###.......   100%        6    #######
 Dispersal                Tloc           ###.......   100%        6    #######
 Freezing Cloud           Conj/Ice/Air   ###.......   100%        6    #######
 Invisibility             Hex            ###.....     100%        6    #######
 Iron Shot                Conj/Erth      ###.......   100%        6    #######
 Shadow Creatures         Summ           N/A          100%        6    #######
 Ring of Flames           Chrm/Fire      ######....   54%         7    #######
 Haunt                    Necr/Summ      #####.....   99%         7    #######
 Borgnjor's Revivificati  Necr           ######....   99%         8    #######
 Death's Door             Chrm/Necr      ######....   99%         8    #######
 Infestation              Necr           ######....   99%         8    #######
 Orb of Destruction       Conj           ###.......   100%        7    #######
 Spellforged Servitor     Conj/Summ      ###.......   100%        7    #######
 Disjunction              Tloc           ###.......   100%        8    #######
 Necromutation            Tmut/Necr      #####.....   100%        8    #######


Dungeon Overview and Level Annotations

Branches:
Dungeon (15/15)            Temple (0/1) D:7            Lair (6/6) D:11
  Swamp (4/4) Lair:4        Snake (4/4) Lair:3        Slime (0/5) Lair:6
    Orc (2/2) D:9             Elf (0/3) Orc:2        Vaults (5/5) D:13
  Crypt (0/3) Vaults:2     Depths (5/5) D:15            Zot (2/5) Depths:5

Altars:
Cheibriados
Dithmenos
Elyvilon
Gozag
Hepliaklqana
Kikubaaqudgha
Makhleb
Nemelex Xobeh
Okawaru
Qazlal
Ru
Trog
Vehumet
Xom
Yredelemnul
Beogh
Jiyva

Shops:
D:5 [   D:7 *   D:12 [??!   Orc:1 %!   Orc:2 =[(*   Snake:1 =}=   Snake:4 :**(
Vaults:5 :

Portals:
Hell: Depths:1 Depths:2 Depths:3 Depths:4 Depths:5
Abyss: Depths:3 Depths:4 Depths:5
Pandemonium: Depths:3
Ziggurat: Depths:4

Annotations:
Lair:2 1 runed translucent door, Grim's ghost, journeyman DECj
Swamp:1 Aizul
Snake:4 exclusion: Roxanne, Mara; Roxanne; Vashnia
Vaults:1 exclusion: door


Innate Abilities, Weirdness & Mutations

Scrolls take you a little longer to read.


Message History

The white draconian convulses!
Your body is wracked with pain!
* * * LOW HITPOINT WARNING * * *
The shadow dragon convulses!
The golden dragon convulses!
The yellow draconian convulses!
The yellow draconian shifter convulses!
Unknown command.
Unknown command.
Unknown command.
Your blink will be uncontrolled - continue anyway?
Really read with blurry vision while enemies are nearby?
Okay, then.
Your blink will be uncontrolled - continue anyway?
Really read with blurry vision while enemies are nearby?
You block the tentacled monstrosity's attack.
The tentacled monstrosity completely misses you.
You block the tentacled monstrosity's attack.
* * * LOW HITPOINT WARNING * * *
The tentacled monstrosity constricts you.
The red draconian scorcher hits you but does no damage.
The yellow draconian hits you with a +0 scimitar!
You die...

#....................
#....)...............
#....[.......#######.
##...q####.### #....#
### #.##)# #.##f##
#####.#qdz##
⌠.....Dz@d.##
......fdXDf.#
#####f##f#f.# #.
#.#.f.'. ..
#.##.##..⌠ .. #.# .#
(. #.. #.# ## . #.#
#.#


You could see a shadow dragon, a tentacled monstrosity, a golden dragon, a
yellow draconian, 2 draconians, 2 curse toes, a yellow draconian shifter, a red
draconian scorcher and 7 wandering mushrooms.

Vanquished Creatures
  An orb of fire (Zot:1)
  3 ancient liches
  Mennas (Depths:5)
  4 juggernauts
  Saint Roka (Vaults:1)
  5 caustic shrikes
  Nikola (Vaults:2)
  12 golden dragons
  A hellephant (Abyss:3)
  12 tentacled monstrosities
  5 liches
  Rupert (Lair:3)
  7 titans
  A quicksilver dragon (Depths:2)
  An Executioner (Abyss:3)
  A death cob (Zot:1)
  8 sphinxes
  2 thorn hunters
  8 tengu reavers
  8 shadow dragons
  12 storm dragons
  2 draconian monks
  Donald (Swamp:3)
  9 nagarajas
  14 fire giants
  An azure jelly (Swamp:4)
  The ghost of Syrreyqi the Peltast, a journeyman HOFi of Beogh (Swamp:3)
  16 frost giants
  2 draconian scorchers
  11 vault wardens
  4 deep elf sorcerers
  5 draconian knights (Zot:1)
  Louise (Snake:2)
  The ghost of Wythuoga the Severer, a journeyman MiFi of Makhleb (Swamp:2)
  An iron dragon (Depths:4)
  15 ironheart preservers
  2 juggernaut zombies
  2 draconian annihilators (Zot:2)
  18 very ugly things
  3 entropy weavers
  4 spriggan defenders
  18 stone giants
  2 grey draconians (Depths:5)
  A juggernaut skeleton (Depths:4)
  3 deep elf demonologists
  4 green draconians
  Azrael (D:15)
  5 vampire knights
  4 purple draconians
  2 deep elf annihilators
  2 white draconians
  7 black draconians
  A minotaur (Gauntlet)
  A yellow draconian (Zot:1)
  4 red draconians
  Snorg (Orc:2)
  4 spark wasps
  6 deep elf death magi
  A deep elf high priest (Vaults:5)
  9 ettins
  A crystal guardian (Vaults:4)
  A merfolk impaler (Depths:5)
  19 fire dragons
  15 yaktaur captains
  7 rakshasas
  17 ice dragons
  5 jiangshi
  27 vault guards
  A hell beast (Depths:1)
  Fannar (D:11)
  9 great orbs of eyes
  9 shock serpents
  4 ghost crabs
  3 spriggan air magi
  19 hydras
  A catoblepas (D:15)
  8 centaur warriors
  14 anacondas
  14 naga warriors
  5 shambling mangroves
  46 two-headed ogres
  3 death knights
  12 deep troll earth magi
  5 deep troll shamans
  7 alligators
  6 vampire magi
  9 spriggan berserkers
  4 tengu warriors
  17 ogre magi
  2 thrashing horrors (Abyss:3)
  12 naga sharpshooters
  An orc high priest (Orc:2)
  Nergalle (Orc:1)
  11 hell knights
  3 deep elf knights
  2 iron trolls (Depths:5)
  A shadow wraith (Vaults:3)
  3 salamander mystics
  4 skeletal warriors
  A fire crab (Gauntlet)
  2 unseen horrors (shapeshifter) (Depths:5)
  A spatial maelstrom (Abyss:3)
  2 unseen horrors (Vaults:1)
  10 glowing orange brains
  2 spriggan druids
  A death drake (shapeshifter) (Vaults:5)
  21 sea snakes
  A golden dragon zombie (Depths:4)
  A deep elf archer (Vaults:2)
  20 deep trolls
  5 swamp dragons
  8 naga ritualists
  4 lindwurms (Lair:2)
  8 necromancers
  6 wizards
  A golden dragon skeleton (Depths:4)
  20 orc knights
  15 ironbrand convokers
  4 mana vipers (shapeshifter)
  2 phantasmal warriors
  5 flayed ghosts
  4 harpies (Vaults:3)
  38 ugly things
  3 oklob plants (Lair:6)
  10 cyclopes
  6 wolf spiders
  2 fire giant zombies (D:15)
  18 salamanders
  6 orc sorcerers
  17 mana vipers
  6 deep elf magi
  A manticore (Orc:2)
  52 black mambas
  A cyclops (shapeshifter) (Vaults:5)
  7 moths of wrath
  11 vault sentinels
  6 centaur zombies
  7 guardian serpents
  A rust devil (Depths:1)
  A hellion (Depths:4)
  16 naga magi
  3 torpor snails (Swamp:1)
  An apocalypse crab (Abyss:3)
  An eye of devastation (shapeshifter) (Vaults:5)
  A spiny frog (shapeshifter) (Depths:5)
  22 spiny frogs
  A minotaur zombie (Gauntlet)
  12 freezing wraiths
  2 kobold demonologists
  67 yaktaurs
  A rime drake (shapeshifter) (D:13)
  8 komodo dragons
  A merfolk (shapeshifter) (Depths:2)
  6 polar bears
  6 trolls
  A harpy zombie (D:15)
  A red devil (Depths:1)
  4 tengu conjurers
  A hornet (shapeshifter) (Vaults:5)
  31 slime creatures
  19 tyrant leeches
  A shadow dragon simulacrum (Depths:1)
  27 hornets
  A raiju (Lair:3)
  2 raiju (shapeshifter)
  5 dream sheep
  A dream sheep (shapeshifter) (Depths:2)
  19 blink frogs
  11 bog bodies
  A stone giant simulacrum (Depths:1)
  12 hippogriffs
  2 centaur simulacra (Gauntlet)
  3 flying skulls (Abyss:3)
  2 spriggan skeletons
  An ettin skeleton (Depths:1)
  3 redbacks (Vaults:2)
  9 water elementals (Depths:5)
  32 spriggans
  6 wraiths
  2 fire elementals (D:15)
  23 yaks
  4 fire bats (Gauntlet)
  15 killer bees
  4 wyverns
  2 ynoxinuls (Abyss:3)
  A hog (D:7)
  4 shadows
  16 humans
  4 golden eyes (Abyss:3)
  3 basilisks
  3 swamp worm simulacra (Swamp:4)
  A neqoxec (Abyss:3)
  17 vampire mosquitoes
  An elf skeleton (Depths:4)
  6 wargs
  An acid dragon (shapeshifter) (D:13)
  55 nagas
  A naga (shapeshifter) (Vaults:1)
  9 insubstantial wisps
  A swamp worm (shapeshifter) (D:15)
  13 hydra simulacra (Swamp:4)
  6 large abominations
  16 swamp worms
  18 water moccasins
  2 floating eyes
  3 hell hounds
  5 porcupines
  46 orc warriors
  9 swamp drakes
  17 ice beasts
  A sky beast (shapeshifter) (Vaults:3)
  2 sky beasts
  An eye of draining (Orc:1)
  2 eyes of draining (shapeshifter)
  A necrophage (D:15)
  4 black bears (Lair:6)
  A black bear (shapeshifter) (Vaults:3)
  A wolf (shapeshifter) (Vaults:1)
  38 ogres
  8 boggarts
  29 wolves
  12 centaurs
  A centaur (shapeshifter) (Depths:1)
  13 crocodiles
  2 big kobolds (Depths:5)
  A yaktaur zombie (D:15)
  15 bullfrogs
  2 gnoll sergeants
  An ogre simulacrum (Vaults:1)
  A yaktaur skeleton (Depths:1)
  2 wyvern zombies
  A water moccasin zombie (D:9)
  A hornet simulacrum (Gauntlet)
  9 scorpions
  17 wights
  2 electric eels (Snake:1)
  14 howler monkeys
  7 crimson imps
  A quasit (D:9)
  7 starcursed masses (Abyss:3)
  9 jellies
  20 orc priests
  5 centaur skeletons
  2 hounds
  23 orc wizards
  3 bullfrog skeletons
  13 gnolls
  12 human skeletons (Vaults:1)
  3 iguanas
  6 worker ants
  7 small abominations
  A hound skeleton (D:7)
  15 adders
  An adder (shapeshifter) (Depths:3)
  4 shadow imps
  5 oozes (D:11)
  5 swamp drake simulacra (Swamp:4)
  A worm (D:4)
  An adder skeleton (D:4)
  An adder zombie (D:8)
  3 dart slugs
  8 leopard geckos
  72 orcs
  A ball python (D:1)
  8 bats
  8 giant cockroaches
  4 goblins
  8 hobgoblins
  7 jackals
  7 quokkas
  A bat (shapeshifter) (Vaults:5)
  6 frilled lizards
  A jackal zombie (D:9)
  6 kobolds
  A leopard gecko skeleton (D:4)
  2 quokka skeletons
  3 rats
  5 crawling corpses
  2 plants
2088 creatures vanquished.

Vanquished Creatures (collateral kills)
  2 liches
  A death cob (Zot:1)
  A sphinx (Depths:3)
  A storm dragon (Depths:2)
  A draconian knight (Zot:1)
  2 draconian scorchers (Zot:1)
  A draconian shifter (Zot:1)
  A draconian annihilator (Zot:1)
  3 stone giants
  A white draconian (Depths:5)
  2 spark wasps (Depths:5)
  A great orb of eyes (Depths:2)
  2 vault guards (Vaults:5)
  3 spriggan air magi
  A deep troll shaman (Depths:5)
  A vampire mage (Depths:4)
  An ogre mage (Depths:4)
  A naga ritualist (Snake:2)
  A deep troll (shapeshifter) (Depths:3)
  4 deep trolls (Depths:5)
  A wizard (Depths:3)
  A mana viper (Snake:2)
  A salamander (Snake:2)
  A moth of wrath (Zot:1)
  A black mamba (Snake:2)
  8 yaktaurs
  A slime creature (Vaults:1)
  A hippogriff (Lair:3)
  A naga (Snake:2)
  A water moccasin (Snake:2)
  An ogre (D:5)
  2 wights
  3 killer bees (D:8)
  A crimson imp (D:7)
  A gnoll shaman (D:4)
  2 gnolls (D:4)
  A shadow imp (D:8)
  An orc (D:15)
  A ball python (Snake:2)
  A quokka zombie (D:5)
  A bush (Lair:3)
63 creatures vanquished.

Vanquished Creatures (others)
  A sphinx (Depths:3)
  A fire giant (Depths:4)
  An azure jelly (Swamp:4)
  A frost giant (Depths:4)
  A very ugly thing (Depths:2)
  An ironheart preserver (Vaults:2)
  A stone giant (Vaults:5)
  A fire dragon (Depths:5)
  A green draconian (Depths:5)
  2 spark wasps
  6 yaktaur captains
  An ice dragon (Depths:3)
  A vault guard (Vaults:5)
  A two-headed ogre (Vaults:3)
  2 alligators (Swamp:4)
  A deep troll earth mage (Depths:3)
  A spriggan berserker (Depths:4)
  3 naga sharpshooters (Snake:4)
  A slime creature (Vaults:1)
  A deep troll (Depths:5)
  A wolf spider (D:15)
  2 deep elf archers
  12 yaktaurs
  2 tyrant leeches (Swamp:4)
  A bog body (Swamp:1)
  A killer bee (D:8)
  3 insubstantial wisps (Swamp:3)
  A naga (Snake:4)
  An orc warrior (Vaults:1)
  3 centaurs
  An ice beast (D:8)
  2 ogres
  A hound (D:8)
  An orc wizard (Vaults:5)
  An orc (D:15)
  2 briar patches (Swamp:1)
  A crawling corpse (Vaults:5)
  3 fungi (Lair:6)
  48 plants
  A withered plant (D:15)
117 creatures vanquished.

Grand Total: 2268 creatures vanquished

Notes
Turn   | Place    | Note
-------+----------+-------------------------------------------
     0 | D:1      | SilverFang the Human Artificer began the quest for the Orb.
     0 | D:1      | Reached XP level 1. HP: 15/15 MP: 3/3
   396 | D:1      | Reached XP level 2. HP: 21/21 MP: 4/4
   927 | D:2      | Reached XP level 3. HP: 26/27 MP: 5/5
  1171 | D:2      | Reached skill level 1 in Staves
  1228 | D:2      | Reached XP level 4. HP: 32/33 MP: 6/6
  2032 | D:3      | Reached XP level 5. HP: 32/38 MP: 7/7
  2151 | D:3      | Found an iron altar of Okawaru.
  2165 | D:3      | Became a worshipper of Warmaster Okawaru
  2650 | D:4      | Noticed a centaur
  2652 | D:4      | Killed a centaur
  2652 | D:4      | Reached * piety under Okawaru
  2652 | D:4      | Reached XP level 6. HP: 44/44 MP: 8/8
  2678 | D:4      | Noticed an orc warrior
  2692 | D:4      | Reached skill level 5 in Staves
  3684 | D:4      | Noticed an ogre
  3692 | D:4      | Killed an ogre
  3692 | D:4      | Reached XP level 7. HP: 49/49 MP: 9/9
  3727 | D:4      | Found a bloodstained altar of Trog.
  3924 | D:5      | Entered Level 5 of the Dungeon
  3924 | D:5      | Found Baowy's Antique Armour Emporium.
  4100 | D:5      | Bought a bronze ring mail for 207 gold pieces
  4110 | D:5      | Identified the +3 ring mail of Impermeability {rN+} (You
                  | bought it in a shop on level 5 of the Dungeon)
  4140 | D:5      | Found a snail-covered altar of Cheibriados.
  4204 | D:5      | Killed a centaur
  4843 | D:6      | Found a burning altar of Makhleb.
  4896 | D:6      | Reached ** piety under Okawaru
  4896 | D:6      | Reached XP level 8. HP: 54/55 MP: 10/10
  5391 | D:6      | Found an opulent altar of Gozag.
  5626 | D:6      | Found a stormy altar of Qazlal.
  5859 | D:7      | Found a radiant altar of Vehumet.
  5861 | D:7      | Found a white marble altar of Elyvilon.
  5904 | D:7      | Reached skill level 1 in Armour
  5933 | D:7      | Reached skill level 2 in Armour
  5966 | D:7      | Reached *** piety under Okawaru
  5969 | D:7      | Found Todollew's Assorted Antiques.
  5977 | D:7      | Bought a metallic coppery potion for 27 gold pieces
  5977 | D:7      | Bought a scroll of identify for 60 gold pieces
  5978 | D:7      | Bought a runed fluorescent wand for 120 gold pieces
  6026 | D:7      | Found a staircase to the Ecumenical Temple.
  6032 | D:7      | Reached XP level 9. HP: 54/63 MP: 11/11
  6116 | D:7      | Found a sparkling altar of Nemelex Xobeh.
  6492 | D:7      | Found a sacrificial altar of Ru.
  6493 | D:7      | Noticed a hippogriff
  6502 | D:7      | Reached skill level 3 in Armour
  6528 | D:7      | Killed a hippogriff
  6626 | D:8      | Reached **** piety under Okawaru
  6675 | D:8      | Reached skill level 4 in Armour
  6790 | D:8      | Reached skill level 5 in Dodging
  6884 | D:8      | Reached skill level 5 in Fighting
  7203 | D:7      | Found a hazy altar of Hepliaklqana.
  7270 | D:9      | Reached XP level 10. HP: 62/74 MP: 12/12
  7289 | D:9      | Reached skill level 5 in Armour
  7445 | D:9      | Found a staircase to the Orcish Mines.
  7523 | D:9      | Reached skill level 6 in Armour
  7574 | D:9      | Reached ***** piety under Okawaru
  7574 | D:9      | Reached skill level 1 in Invocations
  8080 | D:10     | Entered Level 10 of the Dungeon
  8160 | D:10     | Received a gift from Okawaru
  8160 | D:10     | Reached skill level 5 in Evocations
  8708 | D:10     | Reached XP level 11. HP: 70/82 MP: 15/15
  9015 | D:11     | Noticed a cyclops
  9021 | D:11     | Killed a cyclops
  9153 | D:11     | Noticed a two-headed ogre
  9160 | D:11     | Killed a two-headed ogre
  9160 | D:11     | Received a gift from Okawaru
  9160 | D:11     | Reached skill level 7 in Armour
  9161 | D:11     | Got a brightly glowing quick blade {god gift}
  9162 | D:11     | Identified the +8 quick blade of Hacking and Slashing
                  | {pierce, -Tele rElec Str-3 Int+8} (Okawaru gifted it to you
                  | on level 11 of the Dungeon)
  9182 | D:11     | Got a crude shortbow
  9183 | D:11     | Identified the +4 shortbow "Hovvojaz" {venom, Dex+2} (You
                  | found it on level 11 of the Dungeon)
  9309 | Orc:1    | Entered Level 1 of the Orcish Mines
  9806 | Orc:2    | Entered Level 2 of the Orcish Mines
  9842 | Orc:2    | Noticed an orc sorcerer
  9842 | Orc:2    | Paralysed by an orc sorcerer for 7 turns
  9857 | Orc:2    | Killed an orc sorcerer
  9923 | Orc:2    | Noticed an orc sorcerer
  9929 | Orc:2    | Killed an orc sorcerer
  9929 | Orc:2    | Reached skill level 5 in Invocations
  9975 | Orc:1    | Found a burning altar of Makhleb.
  9975 | Orc:1    | Found Ybufuw's Distillery.
  9978 | Orc:1    | Noticed Nergalle
  9997 | Orc:1    | Killed Nergalle
  9998 | Orc:1    | Noticed Sonja
  9999 | Orc:1    | Noticed Sonja
  9999 | Orc:1    | Sonja changed into Sonja the eye of draining
 10013 | Orc:1    | Killed Sonja the eye of draining
 10038 | Orc:1    | Bought a potion of heal wounds for 60 gold pieces
 10038 | Orc:1    | Bought a potion of cancellation for 96 gold pieces
 10038 | Orc:1    | Bought a potion of brilliance for 48 gold pieces
 10038 | Orc:1    | Bought a potion of might for 48 gold pieces
 10084 | Orc:1    | Found Makuag's Food Boutique.
 10109 | Orc:1    | Noticed an orc warlord
 10456 | Orc:2    | Noticed Nessos
 10457 | Orc:2    | Noticed Nessos
 10457 | Orc:2    | Nessos changed into Nessos the manticore
 10522 | Orc:2    | Noticed Snorg
 10533 | Orc:2    | Killed Snorg
 10533 | Orc:2    | Received a gift from Okawaru
 10533 | Orc:2    | Reached skill level 10 in Staves
 10533 | Orc:2    | Reached XP level 12. HP: 69/92 MP: 12/17
 10905 | Orc:2    | Found a roughly hewn altar of Beogh.
 10911 | Orc:2    | Found Ufrisiv's Antique Armour Emporium.
 10948 | Orc:2    | Found Topnoah's General Store.
 10973 | Orc:2    | Found Kirualym's Jewellery Emporium.
 10979 | Orc:2    | Bought an uncursed amulet of regeneration for 420 gold
                  | pieces
 10991 | Orc:2    | Found Hutaacwo's Antique Weapon Emporium.
 11024 | Orc:2    | Found a staircase to the Elven Halls.
 11026 | Orc:2    | Noticed an orc high priest
 11111 | Orc:1    | Reached skill level 8 in Armour
 11236 | Orc:1    | Noticed a storm dragon
 11236 | Orc:1    | an orc warlord changed into a storm dragon
 11264 | Orc:1    | Killed a storm dragon
 11404 | Orc:1    | Bought a potion of curing for 36 gold pieces
 11404 | Orc:1    | Bought a potion of curing for 36 gold pieces
 11679 | Orc:1    | Found a roughly hewn altar of Beogh.
 11680 | Orc:1    | Noticed an orc high priest
 11681 | Orc:1    | Noticed a glowing orange brain
 11681 | Orc:1    | an orc high priest changed into a glowing orange brain
 12036 | Orc:1    | Killed a glowing orange brain
 12236 | Orc:2    | Reached XP level 13. HP: 65/101 MP: 2/18
 12264 | Orc:2    | Reached skill level 9 in Armour
 12766 | Orc:2    | Killed Nessos the manticore
 12853 | Orc:2    | Bought an uncursed ring of see invisible for 210 gold
                  | pieces
 12999 | D:11     | Found a staircase to the Lair.
 13115 | D:11     | Reached ****** piety under Okawaru
 13226 | D:11     | Found a burning altar of Makhleb.
 13237 | D:11     | Noticed Fannar
 13260 | D:11     | Killed Fannar
 13295 | D:11     | Noticed a seven-headed hydra
 13491 | D:11     | Killed a seven-headed hydra
 13530 | D:11     | You fall into a shaft and drop 3 floors!
 13633 | D:13     | Found a gate to the Vaults.
 13633 | D:13     | Noticed a centaur warrior
 13652 | D:12     | Identified a scroll of acquirement
 13653 | D:12     | Found the +0 pair of fencer's gloves {Riposte Dex+3}
 13701 | D:12     | Found Dussuq's Magic Scroll Shop.
 13705 | D:12     | Bought a scroll of identify for 36 gold pieces
 13706 | D:12     | Bought a scroll of teleportation for 54 gold pieces
 13706 | D:12     | Bought a scroll of blinking for 135 gold pieces
 13706 | D:12     | Bought a scroll of blinking for 135 gold pieces
 13706 | D:12     | Bought a scroll of magic mapping for 63 gold pieces
 13706 | D:12     | Bought a scroll of identify for 36 gold pieces
 13709 | D:12     | Received a gift from Okawaru
 13710 | D:12     | Got a transparent buckler {god gift}
 13719 | D:12     | Identified the +0 buckler of Elexin {rN+ Stlth+} (Okawaru
                  | gifted it to you on level 12 of the Dungeon)
 13909 | D:12     | Found Liumem's Antique Armour Boutique.
 13916 | D:12     | Noticed a stone giant
 13994 | D:12     | Found a viscous altar of Jiyva.
 14005 | D:12     | You fall into a shaft and drop 1 floor!
 14097 | D:13     | Killed a centaur warrior
 14112 | D:13     | Reached skill level 10 in Fighting
 14142 | D:13     | Reached skill level 10 in Dodging
 14175 | D:13     | Reached skill level 10 in Armour
 14465 | D:13     | Noticed a rakshasa
 14511 | D:13     | Upgraded the game from 0.24-a0-520-g8fd06ad0bc to
                  | 0.24-a0-521-g122614bf49
 14516 | D:13     | Killed a rakshasa
 14608 | D:13     | Reached XP level 14. HP: 110/110 MP: 20/20
 14895 | D:13     | Received a gift from Okawaru
 14896 | D:13     | Got a twisted quarterstaff {god gift}
 14897 | D:13     | Identified the +2 quarterstaff of Paugimn {crush, rF+ rC-
                  | rN+++ MR-} (Okawaru gifted it to you on level 13 of the
                  | Dungeon)
 15570 | D:12     | Got a brightly glowing scale mail
 15669 | D:13     | Identified the cursed +1 scale mail of Intercession {MP+9
                  | Int+3} (You found it on level 12 of the Dungeon)
 15729 | D:12     | Killed a stone giant
 15729 | D:12     | Received a gift from Okawaru
 16007 | D:12     | Found Awnohaox's Distillery.
 16069 | D:12     | Got a distressingly furry helmet
 16080 | D:12     | Identified the cursed +0 helmet of Osiex {Regen+ Slay+2}
                  | (You found it on level 12 of the Dungeon)
 16082 | D:12     | Found Xunwom's Magic Scroll Boutique.
 16184 | D:12     | Bought a potion of berserk rage for 60 gold pieces
 16184 | D:12     | Bought a potion of invisibility for 96 gold pieces
 16184 | D:12     | Bought a potion of berserk rage for 60 gold pieces
 16321 | D:14     | Found a shadowy altar of Dithmenos.
 16631 | D:14     | Received a gift from Okawaru
 16842 | D:15     | Entered Level 15 of the Dungeon
 17102 | Lair:1   | Entered Level 1 of the Lair of Beasts
 17197 | Lair:1   | Reached skill level 10 in Evocations
 17236 | Lair:1   | You fall into a shaft and drop 1 floor!
 17548 | Lair:1   | Reached XP level 15. HP: 115/115 MP: 22/22
 18076 | Lair:2   | Found a runed translucent door.
 18108 | Lair:2   | Found a shimmering altar of Xom.
 18108 | Lair:2   | Noticed Grim's ghost (journeyman DECj)
 18611 | Lair:3   | Found a staircase to the Snake Pit.
 18865 | Lair:3   | Got a pitted mace
 18866 | Lair:3   | Identified the +7 mace of Lupterasm {speed, rPois rC-
                  | Dex+4} (You found it on level 3 of the Lair of Beasts)
 19003 | Lair:3   | Noticed Rupert
 19504 | Lair:4   | Found a staircase to the Swamp.
 20050 | Lair:5   | Received a gift from Okawaru
 20067 | Lair:5   | Found a gate leading to a gauntlet.
 20081 | Gauntlet | Entered a Gauntlet
 20081 | Gauntlet | Found a transporter.
 20091 | Gauntlet | Found a transporter.
 20091 | Gauntlet | Found a transporter.
 20100 | Gauntlet | Found a transporter.
 20102 | Gauntlet | Found a transporter.
 20112 | Gauntlet | Found a transporter.
 20127 | Gauntlet | Found a transporter.
 20137 | Gauntlet | Found a transporter.
 20141 | Gauntlet | Found the ring of Phasing {EV+8}
 20146 | Gauntlet | Found a runed translucent gate.
 20147 | Gauntlet | Found a transporter.
 20147 | Gauntlet | Found a runed translucent gate.
 20148 | Gauntlet | Found a runed translucent gate.
 20175 | Gauntlet | Found a transporter.
 20184 | Gauntlet | Found a transporter.
 20187 | Gauntlet | Found a transporter.
 20266 | Gauntlet | Found a transporter.
 20298 | Gauntlet | Reached skill level 11 in Armour
 20348 | Gauntlet | Identified the +6 short sword of the Spinneret {vamp, rC+
                  | MP+9}
 20771 | Lair:5   | Received a gift from Okawaru
 21067 | Lair:6   | Entered Level 6 of the Lair of Beasts
 21440 | Lair:6   | Reached skill level 12 in Armour
 21539 | Lair:6   | Reached XP level 16. HP: 105/122 MP: 23/23
 21696 | Lair:6   | Received a gift from Okawaru
 21697 | Lair:6   | Got an ichor-stained quarterstaff {god gift}
 21699 | Lair:6   | Identified the +4 quarterstaff "Luiwoghypy" {drain, rF+
                  | Stlth+} (Okawaru gifted it to you on level 6 of the Lair of
                  | Beasts)
 21832 | Lair:6   | Reached skill level 5 in Stealth
 22431 | Lair:6   | Found a staircase to the Slime Pits.
 22489 | Lair:3   | Received a gift from Okawaru
 22616 | Lair:3   | Killed Rupert
 23171 | Snake:1  | Entered Level 1 of the Snake Pit
 23267 | Snake:1  | Reached skill level 10 in Stealth
 23582 | Snake:1  | Found Onnid's Jewellery Shoppe.
 23582 | Snake:1  | Found Nidupi Kiwya's Gadget Boutique.
 23583 | Snake:1  | Found Vikkisom's Jewellery Shoppe.
 23588 | Snake:1  | Bought a cursed amulet of inaccuracy for 30 gold pieces
 23588 | Snake:1  | Bought a cursed ring of attention for 67 gold pieces
 23853 | Snake:1  | Received a gift from Okawaru
 24157 | Swamp:1  | Entered Level 1 of the Swamp
 24364 | Swamp:1  | HP: 6/122 [tyrant leech (15)]
 24505 | Swamp:1  | Reached XP level 17. HP: 126/128 MP: 24/24
 25012 | Swamp:1  | Noticed a thorn hunter
 25029 | Swamp:1  | Killed a thorn hunter
 25029 | Swamp:1  | Received a gift from Okawaru
 25030 | Swamp:1  | Got a scorched ring mail {god gift}
 25327 | Swamp:1  | Noticed Aizul
 25400 | Swamp:2  | Noticed a thorn hunter
 25419 | Swamp:2  | Killed a thorn hunter
 25535 | Swamp:2  | Reached skill level 13 in Armour
 25547 | Swamp:2  | Learned a level 1 spell: Summon Butterflies
 25549 | Swamp:2  | Learned a level 1 spell: Apportation
 25617 | Swamp:2  | Found a runed translucent gate.
 25617 | Swamp:2  | Found a runed translucent gate.
 25617 | Swamp:2  | Found a runed translucent gate.
 25627 | Swamp:2  | Noticed Wythuoga's ghost (journeyman MiFi)
 26075 | Swamp:2  | Killed Wythuoga's ghost
 26091 | Swamp:2  | Got a heavily runed ivory amulet
 26092 | Swamp:2  | Identified the amulet of Dabiprom {RegenMP -Tele rPois rC+
                  | rN+} (You found it on level 2 of the Swamp)
 26512 | Swamp:3  | Noticed Donald
 26535 | Swamp:3  | Killed Donald
 26588 | Swamp:3  | Received a gift from Okawaru
 26616 | Swamp:3  | Reached skill level 1 in Long Blades
 26616 | Swamp:3  | Reached skill level 1 in Shields
 26803 | Swamp:3  | Reached XP level 18. HP: 123/134 MP: 25/25
 26938 | Swamp:3  | Noticed Syrreyqi's ghost (journeyman HOFi)
 26939 | Swamp:3  | Found a runed translucent gate.
 26940 | Swamp:3  | Found a runed translucent gate.
 26941 | Swamp:3  | Found a runed translucent gate.
 26987 | Swamp:3  | Killed Syrreyqi's ghost
 27016 | Swamp:3  | Identified the +5 short sword of Cafai {vamp, rElec} (You
                  | found it on level 3 of the Swamp)
 27428 | Swamp:4  | Entered Level 4 of the Swamp
 27797 | Swamp:4  | Received a gift from Okawaru
 27866 | Swamp:4  | Reached skill level 5 in Long Blades
 27866 | Swamp:4  | Reached skill level 5 in Shields
 28260 | Swamp:4  | Got a decaying rune of Zot
 28556 | Snake:2  | Noticed Louise
 29270 | Snake:2  | Killed Louise
 29467 | Snake:2  | Received a gift from Okawaru
 29748 | Snake:3  | Reached XP level 19. HP: 50/140 MP: 26/26
 30505 | Snake:3  | Learned a level 2 spell: Swiftness
 30864 | Snake:4  | Entered Level 4 of the Snake Pit
 30972 | Snake:4  | Noticed Mara
 30987 | Snake:4  | Noticed SilverFang's illusion
 31120 | Snake:4  | Found Keanam's Assorted Antiques.
 31130 | Snake:4  | Bought a wand of digging (6) for 232 gold pieces
 31130 | Snake:4  | Bought a wand of paralysis (6) for 58 gold pieces
 31130 | Snake:4  | Bought a scroll of fog for 58 gold pieces
 31142 | Snake:4  | Found Ruongait's Book Emporium.
 31149 | Snake:4  | Received a gift from Okawaru
 31183 | Snake:4  | Reached skill level 10 in Long Blades
 31183 | Snake:4  | Reached skill level 10 in Shields
 31541 | Snake:4  | Identified Roxanne's Guide on Moulding
 31541 | Snake:4  | Noticed Roxanne
 31554 | Snake:4  | Noticed SilverFang's illusion
 31650 | Snake:4  | Found Jeiresun's Assorted Antiques.
 31658 | Snake:4  | Bought a scroll labeled NIVUMU KETEUCK for 37 gold pieces
 31659 | Snake:4  | Bought a wand of disintegration (16) for 148 gold pieces
 31810 | Snake:4  | Received a gift from Okawaru
 32429 | Snake:4  | Reached XP level 20. HP: 99/147 MP: 25/27
 32440 | Snake:4  | Received a gift from Okawaru
 32815 | Snake:4  | Noticed SilverFang's illusion
 33040 | Snake:4  | Noticed Vashnia
 33378 | Snake:4  | Got a serpentine rune of Zot
 33493 | Snake:4  | Found Cekuetuxug's Antique Weapon Boutique.
 33686 | Vaults:1 | Entered Level 1 of the Vaults
 33942 | Vaults:1 | Received a gift from Okawaru
 33943 | Vaults:1 | Identified the +2 buckler of Tumirot {rElec rF+ MR- rCorr}
                  | (Okawaru gifted it to you on level 1 of the Vaults)
 34102 | Vaults:1 | Noticed Saint Roka
 34265 | Vaults:1 | Killed Saint Roka
 35069 | Vaults:1 | Reached XP level 21. HP: 153/153 MP: 28/28
 35074 | Vaults:1 | Received a gift from Okawaru
 35645 | Vaults:2 | Received a gift from Okawaru
 36011 | Vaults:2 | Noticed a Tzitzimitl
 36017 | Vaults:2 | Cast into level 3 of the Abyss (a deep elf sorcerer)
 36121 | Abyss:3  | Noticed a profane servitor
 36299 | Abyss:3  | Noticed a bone dragon
 36396 | Abyss:3  | Paralysed by accursed screaming for 1 turns
 36439 | Abyss:3  | Found a burning altar of Makhleb.
 36563 | Vaults:2 | Escaped the Abyss
 37006 | Vaults:2 | Paralysed by a sphinx for 3 turns
 37027 | Vaults:2 | Reached skill level 15 in Long Blades
 37027 | Vaults:2 | Reached skill level 15 in Shields
 37032 | Vaults:2 | Received a gift from Okawaru
 37209 | Vaults:2 | Received a gift from Okawaru
 37210 | Vaults:2 | Identified the +8 falchion of Voonyeso {elec, MR+ SInv}
                  | (Okawaru gifted it to you on level 2 of the Vaults)
 37399 | Vaults:2 | Found a staircase to the Crypt.
 37399 | Vaults:2 | Found an ancient bone altar of Kikubaaqudgha.
 37400 | Vaults:2 | Found a basalt altar of Yredelemnul.
 37400 | Vaults:2 | Noticed Nikola
 37417 | Vaults:2 | Killed Nikola
 37903 | Vaults:3 | Reached XP level 22. HP: 159/159 MP: 29/29
 37935 | Vaults:3 | Reached skill level 14 in Armour
 37972 | Vaults:3 | Received a gift from Okawaru
 39013 | Vaults:3 | Received a gift from Okawaru
 39044 | Vaults:3 | Identified the cursed +0 helmet "Roats" {rF- Int+7 Dex+2}
                  | (You found it on level 3 of the Vaults)
 39067 | Vaults:3 | Learned a level 8 spell: Controlled Blink
 39152 | Vaults:4 | Learned a level 3 spell: Lesser Beckoning
 39156 | Vaults:4 | Learned a level 3 spell: Gell's Gravitas
 39160 | Vaults:4 | Learned a level 3 spell: Regeneration
 39650 | Vaults:4 | Reached skill level 1 in Throwing
 40261 | Vaults:4 | Reached skill level 5 in Throwing
 40453 | Vaults:4 | Paralysed by a sphinx for 7 turns
 40551 | Vaults:4 | Received a gift from Okawaru
 41161 | D:15     | Noticed Azrael
 41164 | D:15     | Killed Azrael
 41188 | D:15     | Received a gift from Okawaru
 41284 | D:15     | Identified Sif Muna's Papyrus of Summoning
 41364 | D:15     | Found a staircase to the Depths.
 41517 | D:15     | Received a gift from Okawaru
 41751 | Depths:1 | Entered Level 1 of the Depths
 41820 | Depths:1 | Reached XP level 23. HP: 158/167 MP: 30/30
 41841 | Depths:1 | Received a gift from Okawaru
 41872 | Depths:1 | Reached skill level 10 in Throwing
 42015 | Depths:1 | Received a gift from Okawaru
 42123 | Depths:1 | Received a gift from Okawaru
 42568 | Depths:1 | Found a gateway to Hell.
 43353 | Depths:2 | Noticed a golden dragon
 43379 | Depths:2 | Killed a golden dragon
 43467 | Depths:2 | Noticed a juggernaut
 43489 | Depths:2 | Killed a juggernaut
 43500 | Depths:2 | Noticed a golden dragon
 43538 | Depths:2 | Killed a golden dragon
 43720 | Depths:2 | Noticed a caustic shrike
 43801 | Depths:1 | Killed a caustic shrike
 44032 | Depths:2 | Received a gift from Okawaru
 44032 | Depths:2 | Reached XP level 24. HP: 174/174 MP: 30/30
 44081 | Depths:2 | Reached skill level 15 in Throwing
 44101 | Depths:2 | Received a gift from Okawaru
 44606 | Depths:2 | Identified the +8 shortbow of the Lumpy Gods {speed, +Fly
                  | SInv} (You found it on level 2 of the Depths)
 44717 | Depths:2 | Noticed a caustic shrike
 44717 | Depths:2 | Noticed a caustic shrike
 44732 | Depths:2 | Killed a caustic shrike
 44786 | Depths:2 | Received a gift from Okawaru
 44828 | Depths:2 | Received a gift from Okawaru
 44914 | Depths:2 | Killed a caustic shrike
 44927 | Depths:2 | Received a gift from Okawaru
 45006 | Depths:2 | Noticed a golden dragon
 45026 | Depths:2 | Killed a golden dragon
 45347 | Depths:3 | Received a gift from Okawaru
 45348 | Depths:3 | Identified the +3 chain mail of Okawaru's Supremacy
                  | {Regen+} (Okawaru gifted it to you on level 3 of the
                  | Depths)
 45441 | Depths:3 | Reached skill level 1 in Spellcasting
 45441 | Depths:3 | Reached skill level 1 in Charms
 45441 | Depths:3 | Reached skill level 1 in Necromancy
 45450 | Depths:3 | Noticed an ancient lich
 45480 | Depths:3 | Cast into level 5 of the Abyss (an ancient lich)
 45480 | Abyss:5  | Entered Level 5 of the Abyss
 45480 | Abyss:5  | Entered Level 5 of the Abyss
 45493 | Depths:3 | Escaped the Abyss
 45508 | Depths:3 | Killed an ancient lich
 45545 | Depths:3 | Reached XP level 25. HP: 176/180 MP: 30/30
 45751 | Depths:3 | Reached skill level 5 in Charms
 45751 | Depths:3 | Reached skill level 5 in Necromancy
 45980 | Depths:3 | Found a one-way gate to the infinite horrors of the Abyss.
 46083 | Depths:3 | Found a one-way gate leading to the halls of Pandemonium.
 46245 | Depths:4 | Noticed a juggernaut
 46264 | Depths:4 | Killed a juggernaut
 46319 | Depths:4 | Found a gateway to a ziggurat.
 46477 | Depths:4 | Received a gift from Okawaru
 46797 | Depths:4 | Identified the +2 glaive of the Crushed Dreams {speed,
                  | rElec rN+ Str+6 Stlth-}
 46956 | Depths:4 | Received a gift from Okawaru
 47259 | Depths:4 | Noticed a caustic shrike
 47275 | Depths:4 | Killed a caustic shrike
 47825 | Depths:4 | Paralysed by a great orb of eyes for 7 turns
 47846 | Depths:4 | Reached skill level 10 in Charms
 47846 | Depths:4 | Reached skill level 10 in Necromancy
 47861 | Depths:4 | Got a shimmering demon whip
 47876 | Depths:4 | Identified the +8 demon whip of Massacring {flame, rC+ MR+
                  | Str+4 SInv} (You found it on level 4 of the Depths)
 47932 | Depths:4 | Reached XP level 26. HP: 187/187 MP: 30/30
 47954 | Depths:4 | Reached skill level 1 in Maces & Flails
 47987 | Depths:4 | Noticed a juggernaut
 48005 | Depths:4 | Killed a juggernaut
 48005 | Depths:4 | Received a gift from Okawaru
 48029 | Depths:4 | Identified the +10 quarterstaff of Fixation {freeze,
                  | Fragile +Fly Int-5 SInv} (Okawaru gifted it to you on level
                  | 4 of the Depths)
 48039 | Depths:4 | Reached skill level 5 in Maces & Flails
 48050 | Depths:4 | Identified the +0 plate armour of the Depths {rPois MR-
                  | MP+9}
 48364 | Depths:5 | Entered Level 5 of the Depths
 48702 | Depths:5 | Received a gift from Okawaru
 48909 | Depths:5 | Found a gate to the Realm of Zot.
 49052 | Depths:5 | Received a gift from Okawaru
 49081 | Depths:5 | Reached skill level 15 in Armour
 49370 | Depths:5 | Noticed a juggernaut
 49385 | Depths:5 | Killed a juggernaut
 49395 | Depths:5 | Noticed Mennas
 49516 | Depths:5 | Killed Mennas
 50017 | Depths:1 | Reached XP level 27. HP: 195/199 MP: 30/30
 50218 | Vaults:5 | Entered Level 5 of the Vaults
 50218 | Vaults:5 | Noticed an ancient lich
 50244 | Vaults:5 | Killed an ancient lich
 50244 | Vaults:5 | Reached skill level 16 in Armour
 50270 | Vaults:5 | Noticed an ancient lich
 50279 | Vaults:5 | Killed an ancient lich
 50279 | Vaults:5 | Received a gift from Okawaru
 51017 | Vaults:5 | Received a gift from Okawaru
 51028 | Vaults:5 | Reached skill level 17 in Armour
 51323 | Vaults:5 | Got a silver rune of Zot
 51330 | Vaults:5 | Received a gift from Okawaru
 51360 | Vaults:5 | Identified the +4 hand axe of Shame {pain, MR+ Int+4}
 51416 | Vaults:5 | Identified the +4 leather armour of Row Bingap {rC+ SInv}
 51568 | Vaults:5 | Received a gift from Okawaru
 51568 | Vaults:5 | Reached skill level 15 in Fighting
 51582 | Vaults:5 | Identified the ring "Balokh" {MR+ Dex+6}
 51748 | Vaults:5 | Received a gift from Okawaru
 51758 | Vaults:5 | Found Zatwuf's Book Shoppe.
 51767 | Vaults:5 | Identified the +0 cloak "Kenidiap" {*Contam rF++ rC++} (You
                  | found it on level 5 of the Vaults)
 51784 | Vaults:5 | Bought a Necronomicon for 2097 gold pieces
 52021 | Vaults:5 | Reached skill level 18 in Armour
 52427 | Vaults:5 | Learned a level 1 spell: Animate Skeleton
 52625 | Vaults:5 | Identified Vorghuost's Handbook of the Shifting Voyage
 53039 | Zot:1    | Entered Level 1 of the Realm of Zot
 53061 | Zot:1    | Received a gift from Okawaru
 53132 | Zot:1    | Reached skill level 5 in Fire Magic
 53141 | Zot:1    | Received a gift from Okawaru
 53432 | Zot:1    | Reached skill level 10 in Fire Magic
 53545 | Zot:1    | Received a gift from Okawaru
 53604 | Zot:1    | Noticed an orb of fire
 53608 | Zot:1    | Gained mutation: Scrolls take you a little longer to read.
                  | [an orb of fire]
 53609 | Zot:1    | Killed an orb of fire
 53609 | Zot:1    | Received a gift from Okawaru
 53629 | Zot:1    | Found a radiant altar of Vehumet.
 53829 | Zot:1    | Received a gift from Okawaru
 54092 | Zot:2    | HP: 9/210 [red draconian scorcher/+0 long sword (3)]
 54099 | Zot:2    | HP: 8/210 [??? (6)]
 54100 | Zot:2    | Slain by a yellow draconian

Levels and vault maps discovered:
D:1:      minmay_arrival_up_and_down, layout_basic
D:2:      layout_basic
D:3:      layout_loops_ring, first_ration, okawaru_metal_pillars_1_2
D:4:      layout_basic, bloody_trog, minmay_misc_feat_pillars
D:5:      layout_rooms, serial_shops, shop_statue, cheibriados_altar_1
D:6:      layout_basic, kennysheep_mini, lemuel_doored_altar, basic_altar
D:7:      layout_basic, nemelex_altar_shiori, lemuel_round_altar,
          vehumet_altar_wand_db, nicolae_overflow_hidden_temple,
          minmay_temple_entry_hall, serial_shops, shop
D:8:      layout_basic, minmay_misc_feat_five
D:9:      layout_cave_pools, orc_0_dummy
D:10:     layout_roguey
D:11:     layout_big_octagon, lair_entry_dummy, hangedman_little_slice_of_home,
          hangedman_abyss_or_decor_stabs, bloody_makhleb, uniq_fannar
D:12:     cheibrodos_monumental, layout_long_grid, serial_shops, shop_scrolls,
          nicolae_shop_behind_doors, shop_fountains, shop_fountains,
          jiyva_altar_1
D:13:     layout_loops_ring, david_vaults_3
D:14:     layout_roguey, chequers_serial_rivers_small_3,
          portal_ice_cave_entry_ice_beasts, grunt_dithmenos_shadows
D:15:     gammafunk_depths_entry_grave, layout_rooms, minmay_pinched_square,
          uniq_azrael
Lair:1:   layout_roguey
Lair:2:   layout_long_grid, ebering_ghost_xom, chequers_serial_rivers_micro_e,
          minmay_stone_trees_medium, minmay_lindwurm_lava
Lair:3:   layout_small_grid, guppyfry_snake_entry_island,
          grunt_forest_stairs_basic, uniq_rupert
Lair:4:   layout_cave_pods, swamp_mist, grunt_forest_large_clearing_hut,
          serial_bayou_shore_b
Lair:5:   layout_big_grid, gauntlet_entry_generic, lemuel_fruit_tree,
          serial_bayou_shore_b
Lair:6:   minmay_lair_end_enchanted_forest, layout_regular_city,
          minmay_slime_entry_oklob_open, fungi_pond_lemuel
Swamp:1:  layout_basic_swamp, evilmike_swamp_ruin_rubble_2, swamp_pool4,
          worms_lemuel, uniq_aizul
Swamp:2:  layout_basic_swamp, gammafunk_ghost_hydra_chop,
          evilmike_swamp_ruin_house_6, infiniplex_staircase_pool
Swamp:3:  layout_basic_swamp, gammafunk_ghost_hydra_chop,
          evilmike_swamp_ruin_rubble_1, uniq_donald
Swamp:4:  swamp_icy, layout_basic_swamp
Snake:1:  layout_rooms, serial_bayou_shore_a, minmay_shop_grove
Snake:2:  layout_onion_interference, special_room, statue_in_the_mist_lemuel,
          nicolae_snake_springs, uniq_louise
Snake:3:  layout_layer_cave, drop_trap, guppyfry_snake_island,
          grunt_megastairs_3
Snake:4:  grunt_snake_rune_pools, layout_basic, serial_shops, shop, shop,
          nicolae_shop_trees, shop, uniq_roxanne, uniq_mara, uniq_vashnia
Orc:1:    orc_temple, layout_caves, basic_altar, serial_shops, shop_statue,
          shop_statue, uniq_sonja, uniq_nergalle
Orc:2:    grunt_orc_cross, layout_diamond_mine, uniq_nessos, uniq_snorg
Vaults:1: dpeg_vaults_monster_row, grunt_vaults_focal, v_pattern_3, v_misc_27,
          vaults_dpeg_diagonal, nicolae_vaults_specimen_jars,
          vaults_room_door_hall, hangedman_vaults_corner_blocks,
          hangedman_vaults_corner, v_alt_pattern_2, layout_vaults_maze_bifur,
          uniq_saint_roka
Vaults:2: minmay_crypt_entry_necro_gods, vaults_mumra_minichess,
          grunt_vaults_twisty, hangedman_vaults_stitches,
          nicolae_vaults_circle_grid_b, ontoclasm_vaults_shuriken,
          ontoclasm_vaults_loading_screen, nicolae_vaults_little_squares_2,
          layout_vaults_chaotic_city, uniq_nikola
Vaults:3: hangedman_vaults_impose, vaults_mumra_hex,
          nicolae_vaults_network_quinsquares
          [nicolae_vaults_network_quincunx_subvault,
          nicolae_vaults_network_quincunx_subvault,
          nicolae_vaults_network_quincunx_subvault,
          nicolae_vaults_network_quincunx_subvault],
          nicolae_vaults_ring_of_whatevers, nicolae_vaults_network_s,
          hangedman_vaults_impose, ontoclasm_vaults_loading_screen,
          nicolae_vaults_little_squares_3, nicolae_vaults_little_squares_5,
          nicolae_vaults_network_periphery, v_rooms_6,
          hangedman_vaults_variations, ontoclasm_vaults_pinch,
          nicolae_vaults_asterisk, nicolae_vaults_little_squares_6,
          vaults_room_grid, layout_vaults_omnibox
Vaults:4: nicolae_vaults_sealed_display, v_misc_16, grunt_vaults_funnel,
          vaults_mumra_chevron_long, vaults_dpeg_hooks, hangedman_vaults_maws,
          v_misc_2, v_misc_18, nicolae_vaults_what_the_h, grunt_vaults_diagonal,
          v_misc_16, ontoclasm_vaults_loading_screen, layout_vaults_omnicross
Vaults:5
Depths:1: evilmike_diamond_1, layout_gridlike, minmay_misc_feat_nine_boxes,
          grunt_mini_vestibule, lemuel_nasty_fountain, firewood_loft,
          serial_bayou_shore_b
Depths:2: minmay_octagon_city, layout_cave_pools, pf_hell_entry_tar_spiral
Depths:3: minmay_strange_plus, layout_cave_pools, rand_demon_pan_entry_4,
          abyss_entry_small_statue_room, hell_entry
Depths:4: kennysheep_large_vault, layout_basic, enter_ziggurat_f, abyss_entry,
          hellmouth_1, serial_sigils_hangedman_writhe
Depths:5: evilmike_zot_entry_gauntlet, layout_long_grid,
          marbit_kobold_abyss_entry, minmay_misc_feat_cross,
          pf_vacation_house_of_asmodeus, serial_bayou_lake_a,
          serial_bayou_shore_b, uniq_mennas
Zot:1:    layout_misc_corridors, basic_altar, grunt_megastairs_2
Zot:2:    kennysheep_ambush_hall, layout_misc_corridors,
          hangedman_elemental_grid_stream

Skill      XL: |  1  2  3  4  5  6  7  8  9 10 11 12 13 14 15 16 17 18 19 20 21 22 23 24 25 26 27 |
---------------+----------------------------------------------------------------------------------+-----
Staves         | 2 3 4 5 7 9 10 12 13 14 | 14.0
Fighting       | 3 5 6 7 9 10 12 16 | 16.1
Armour         | 2 4 6 7 8 10 12 13 14 15 18 | 18.4
Dodging        | 3 5 6 7 8 10 12 13 14 | 14.3
Invocations    | 4 7 8 9 |  9.0
Evocations     | 6 7 10 | 10.2
Stealth        | 14 | 14.8
Long Blades    | 2 8 11 13 16 | 16.0
Shields        | 2 8 11 13 15 | 15.0
Throwing       | 9 14 17 | 17.4
Spellcasting   | 1 |  1.1
Charms         | 4 10 | 10.0
Necromancy     | 4 10 | 10.0
Maces & Flails | 8 |  8.0
Fire Magic     | 12 | 12.9
Short Blades   | |  1.0
Translocations | |  0.4

Action                   |  1- 3 |  4- 6 |  7- 9 | 10-12 | 13-15 | 16-18 | 19-21 | 22-24 | 25-27 || total
-------------------------+-------+-------+-------+-------+-------+-------+-------+-------+-------++-------
Melee: Short sword       |    35 |       |       |       |       |       |       |       |       ||    35
       Quarterstaff      |    22 |   135 |   216 |   435 |  1210 |    85 |       |       |       ||  2103
       Lajatang          |       |       |       |       |   148 |  1456 |   412 |       |       ||  2016
       Mace              |       |       |       |       |    20 |       |       |       |       ||    20
       Double sword      |       |       |       |       |       |       |  1482 |     1 |       ||  1483
       Unarmed           |       |       |       |       |       |       |    12 |       |       ||    12
       Falchion          |       |       |       |       |       |       |   113 |  1542 |   402 ||  2057
       Demon whip        |       |       |       |       |       |       |       |       |  1117 ||  1117
 Fire: Shortbow          |       |       |       |   130 |    53 |       |       |       |       ||   183
Throw: Javelin           |       |     1 |     5 |    23 |       |       |       |   127 |   278 ||   434
       Dart              |       |       |     6 |    41 |    17 |       |       |    10 |   133 ||   207
       Throwing net      |       |       |       |       |       |     9 |       |       |       ||     9
       Boomerang         |       |       |       |       |       |       |       |       |     2 ||     2
 Cast: Regeneration      |       |       |       |       |       |       |       |       |    37 ||    37
Invok: Heroism           |       |       |       |     5 |     9 |     7 |    24 |    14 |     6 ||    65
       Finesse           |       |       |       |     1 |     3 |     2 |     9 |    10 |     4 ||    29
Evoke: Wand              |    10 |    28 |    52 |    35 |    13 |    50 |    39 |    39 |    33 ||   299
       Phantom mirror    |       |       |       |       |     1 |       |       |     1 |       ||     2
       Box of beasts     |       |       |       |       |       |     1 |       |     2 |     4 ||     7
       Lamp of fire      |       |       |       |       |       |       |       |     3 |     3 ||     6
  Use: Scroll            |       |    11 |     9 |     7 |    16 |    14 |    13 |    17 |    11 ||    98
       Potion            |       |       |       |     7 |     7 |    10 |     7 |     4 |    16 ||    51
 Stab: Sleeping          |     1 |     2 |       |       |     2 |       |       |       |       ||     5
       Confused          |       |       |     2 |       |       |     1 |       |       |       ||     3
       Paralysed         |       |       |       |     7 |     5 |     9 |     2 |    15 |     6 ||    44
       Petrified         |       |       |       |       |    21 |       |       |     1 |       ||    22
       Invisible         |       |       |       |       |     7 |     5 |       |       |    30 ||    42
       Held in net/web   |       |       |       |       |       |     5 |       |       |       ||     5
       Distracted        |       |       |       |       |       |     1 |     2 |     1 |       ||     4
  Eat: Chunk             |     1 |     4 |     8 |    13 |    21 |     9 |     1 |     7 |    10 ||    74
       Ration            |       |     1 |     1 |     1 |     3 |     6 |     9 |     6 |     7 ||    34
Armor: Leather armour    |    25 |    39 |     3 |       |       |       |       |       |       ||    67
       Ring mail         |       |       |    69 |   119 |       |       |       |       |       ||   188
       Troll leather arm |       |       |       |    32 |   169 |       |       |       |       ||   201
       Gold dragon scale |       |       |       |       |   258 |   860 |   575 |   375 |   433 ||  2501
Dodge: Dodged            |    54 |    86 |   123 |   339 |   767 |  1272 |   996 |   654 |   759 ||  5050
Block: Shield            |       |       |       |       |       |       |   895 |   813 |   912 ||  2620
       Reflection        |       |       |       |       |       |       |   112 |    55 |    70 ||   237
       Rpst.: Quarterstaff |       |       |       |       |   136 |     5 |       |       |       ||   141
       Lajatang          |       |       |       |       |    35 |   252 |    43 |       |       ||   330
       Mace              |       |       |       |       |     6 |       |       |       |       ||     6
       Double sword      |       |       |       |       |       |       |   268 |     2 |       ||   270
       Falchion          |       |       |       |       |       |       |    15 |   248 |    44 ||   307
       Demon whip        |       |       |       |       |       |       |       |       |    82 ||    82

Table legend:
 A = Non-vault XP
 B = Vault XP
 C = Vault XP percentage of total XP
 D = Non-vault monster count
 E = Vault monster count
 F = Vault count percentage of total count
                 A         B        C        D         E       F
            +---------+---------+-------+---------+---------+-------
      Total |  649016 |  661859 |  50.5 |    1389 |     797 |  36.5
            +---------+---------+-------+---------+---------+-------
        D:1 |      29 |       0 |   0.0 |      15 |       0 |   0.0
        D:2 |      72 |       0 |   0.0 |      25 |       0 |   0.0
        D:3 |      90 |       0 |   0.0 |      19 |       0 |   0.0
        D:4 |     408 |       0 |   0.0 |      19 |       0 |   0.0
        D:5 |     342 |       0 |   0.0 |      20 |       0 |   0.0
        D:6 |     576 |       0 |   0.0 |       9 |       0 |   0.0
        D:7 |    1065 |       2 |   0.2 |      20 |       1 |   4.8
        D:8 |    1179 |       0 |   0.0 |      23 |       0 |   0.0
        D:9 |    1827 |       0 |   0.0 |      33 |       0 |   0.0
       D:10 |    4414 |       0 |   0.0 |      42 |       0 |   0.0
       D:11 |    4140 |    1436 |  25.8 |      22 |      10 |  31.2
       D:12 |    2081 |   10666 |  83.7 |      15 |      22 |  59.5
       D:13 |   10213 |    5634 |  35.6 |      33 |      19 |  36.5
       D:14 |    3142 |    1250 |  28.5 |      11 |       9 |  45.0
       D:15 |   10220 |   13092 |  56.2 |      31 |      27 |  46.6
     Lair:1 |    5562 |       0 |   0.0 |      30 |       0 |   0.0
     Lair:2 |    1285 |    2596 |  66.9 |       7 |       4 |  36.4
     Lair:3 |    5298 |    2061 |  28.0 |      20 |       3 |  13.0
     Lair:4 |    6455 |    1156 |  15.2 |      22 |       3 |  12.0
     Lair:5 |    6659 |       0 |   0.0 |      28 |       0 |   0.0
     Lair:6 |   12556 |   10600 |  45.8 |      34 |      47 |  58.0
    Swamp:1 |   12486 |    5024 |  28.7 |      34 |      19 |  35.8
    Swamp:2 |   22364 |    4589 |  17.0 |      59 |       4 |   6.3
    Swamp:3 |   11682 |    6746 |  36.6 |      38 |       5 |  11.6
    Swamp:4 |   10575 |    8225 |  43.8 |      19 |      29 |  60.4
    Snake:1 |   17527 |     700 |   3.8 |      37 |       1 |   2.6
    Snake:2 |   23891 |    6489 |  21.4 |      46 |      18 |  28.1
    Snake:3 |   24505 |    4399 |  15.2 |      48 |       4 |   7.7
    Snake:4 |   23238 |   43014 |  64.9 |      46 |      61 |  57.0
      Orc:1 |    1475 |    7581 |  83.7 |      21 |      29 |  58.0
      Orc:2 |    2972 |    6899 |  69.9 |      20 |      25 |  55.6
   Vaults:1 |   30721 |   42083 |  57.8 |      60 |      80 |  57.1
   Vaults:2 |   22414 |   14419 |  39.1 |      35 |      13 |  27.1
   Vaults:3 |   32101 |   14999 |  31.8 |      60 |      25 |  29.4
   Vaults:4 |   22295 |   36182 |  61.9 |      30 |      42 |  58.3
   Vaults:5 |   15714 |  118004 |  88.2 |      34 |      79 |  69.9
   Depths:1 |   28242 |   31665 |  52.9 |      39 |      32 |  45.1
   Depths:2 |   18353 |  113341 |  86.1 |      23 |      77 |  77.0
   Depths:3 |   31584 |   22040 |  41.1 |      42 |      12 |  22.2
   Depths:4 |   47389 |   75625 |  61.5 |      55 |      48 |  46.6
   Depths:5 |   72147 |   29356 |  28.9 |      83 |      24 |  22.4
      Zot:1 |   60647 |   13243 |  17.9 |      36 |       4 |  10.0
      Zot:2 |   21238 |    1800 |   7.8 |      14 |       2 |  12.5
    Abyss:3 |   17843 |    1999 |  10.1 |      32 |       3 |   8.6
   Gauntlet |       0 |    4944 | 100.0 |       0 |      16 | 100.0
            +---------+---------+-------+---------+---------+-------
